Map: Blackpink LE

Players

alejandroMB

  • Race: Terran Terran
  • League: Silver
  • Spawn Location: 7:00

IagoAbreu - Winner!

  • Race: Zerg Zerg
  • League: Silver
  • Spawn Location: 1:00

VOD

Have the link to the VOD?

Description

Time

  • Played on: Feb. 24, 2018, 9:32 p.m.
  • Length: 9:05
Show
View Real Time Build Order
Export as new Build Order

alejandroMB Terran 

Build Orders: MMM Bio 

Get SALT Encoding   

  12  0:02  SCV  
  13  0:15  Supply Depot  
  13  0:23  Refinery  
  13  0:25  SCV  
  14  0:45  Barracks  
  14  0:47  SCV  
  15  0:59  SCV  
  15  1:02  Supply Depot  
  16  1:11  SCV  
  17  1:33  Orbital Command  
  17  1:41  Barracks Tech Lab  
  17  1:43  Barracks  
  17  2:02  Stimpack  
  17  2:04  Marine  
  18  2:11  SCV  
  19  2:21  Marine  
  20  2:24  SCV  
  21  2:30  Barracks Reactor  
  21  2:36  SCV, Factory  
  22  2:39  Marine  
  23  2:51  SCV  
  24  2:55  Refinery  
  24  2:57  Marine  
  25  3:03  SCV  
  26  3:08  Marine x2  
  28  3:15  SCV  
  29  3:25  Marine  
  29  3:26  Marine  
  31  3:28  Factory Reactor  
  31  3:29  Starport  
  31  3:47  Supply Depot  
  31  3:50  Supply Depot  
  31  4:03  Bunker  
  31  4:16  Medivac x2  
  35  4:17  Marine x3  
  35  4:22  Combat Shields  
  38  4:29  Hellion  
  40  4:35  Marine x3  
  43  4:39  Armory  
  43  4:50  Hellion  
  45  4:53  Marine x2  
  47  5:09  Marine  
  48  5:20  Marine x2  
  50  5:23  Hellion  
  50  5:27  Marine  
  53  5:37  Marine  
  53  5:38  Marine, Command Center  
  55  5:43  Medivac  
  55  5:45  Marine, Hellion  
  44  6:43  Marine x2  
  39  6:55  Hellbat  
Show
View Real Time Build Order
Export as new Build Order

IagoAbreu Zerg - Winner!

Build Orders: 3 Hatch before Pool 

Get SALT Encoding   

  12  0:35  Drone  
  13  0:38  Drone  
  13  0:42  Hatchery  
  13  0:46  Overlord  
  13  0:53  Drone  
  14  1:01  Overlord  
  14  1:12  Drone  
  15  1:28  Drone  
  15  1:32  Drone  
  17  1:48  Drone  
  18  1:57  Drone  
  19  2:08  Hatchery  
  19  2:09  Drone x2  
  20  2:27  Spawning Pool  
  20  2:29  Drone x3  
  22  2:32  Drone  
  22  2:33  Drone  
  22  2:37  Extractor  
  23  2:38  Extractor  
  23  2:39  Drone  
  23  3:06  Evolution Chamber  
  23  3:10  Drone x3  
  25  3:16  Drone x3  
  28  3:28  Queen  
  28  3:30  Queen  
  32  3:38  Drone x2  
  34  3:45  Zergling x6  
  37  3:51  Overlord x3  
  37  4:08  Hatchery  
  36  4:15  Queen  
  38  4:26  Zergling x2  
  38  4:27  Zergling x4  
  38  4:28  Metabolic Boost  
  41  4:31  Zerg Melee Weapons Level 1  
  41  4:37  Evolution Chamber  
  40  4:40  Queen  
  40  4:45  Zergling x6  
  45  5:09  Zergling x4  
  45  5:10  Zergling x14  
  45  5:11  Zergling x6  
  45  5:13  Zergling x2  
  58  5:38  Zergling x12  
  58  5:39  Zergling x4  
  58  6:02  Zergling x8  
  58  6:03  Zergling x12  
  61  6:21  Zergling x2  
  61  6:22  Zergling x8  
  37  6:42  Zergling x8  
  37  6:43  Zergling x8  
  38  7:08  Zergling x10  
  40  7:09  Zergling x2  
  43  7:34  Lair  
  43  8:39  Zergling x10  
  43  8:40  Zergling x6  
Tags
 
Add a new tag
Caveats
  • Supply blocks, unpowered buildings, or Contaminate may cause inaccurate times.
  • Supply counts are checked every 10 seconds.